 Dungeon Crawl Stone Soup version 0.28-a0-872-g80cf8599ee (webtiles) character file.

Game seed: 15447926101388904449

1244 lorenzova the Thaumaturge (level 8, -3/41 HPs)
             Began as a Deep Elf Conjurer on Nov 20, 2021.
             Was a Follower of Vehumet.
             Slain by a vampire (9 damage)
             ... on level 6 of the Dungeon.
             The game lasted 00:10:43 (7282 turns).

lorenzova the Thaumaturge (Deep Elf Conjurer)       Turns: 7282, Time: 00:10:44

Health: -3/41      AC:  3    Str:  4    XL:     8   Next: 25%
Magic:  27/31      EV: 12    Int: 26    God:    Vehumet [*.....]
Gold:   229        SH:  0    Dex: 13    Spells: 13/24 levels left

rFire   . . .      SeeInvis .   b - +0 dagger
rCold   . . .      Faith    .   (no shield)
rNeg    . . .      Spirit   .   a - +0 robe
rPois   .          Reflect  .   q - +0 helmet
rElec   .          Harm     .   (no cloak)
rCorr   .          Rampage  .   (no gloves)
Will    .....                   (no boots)
Stlth   ++........              (no amulet)
HPRegen 0.13/turn               m - ring of magical power
MPRegen 0.22/turn               (no ring)

@: no status effects
A: no striking features
a: Renounce Religion


You were on level 6 of the Dungeon.
You worshipped Vehumet.
Vehumet was aware of your devotion.
You visited 2 branches of the dungeon, and saw 7 of its levels.
You also visited: Sewer.

You collected 229 gold pieces.

Inventory:

Hand Weapons
 b - a +0 dagger (weapon)
Armour
 a - a +0 robe (worn)
 q - a +0 helmet (worn)
Magical Staves
 i - a staff of cold
Jewellery
 m - a ring of magical power (left hand)
Wands
 p - a wand of mindburst (13)
Scrolls
 d - a scroll of amnesia
 h - a scroll of blinking {unknown}
 j - a scroll of immolation {unknown}
 k - a scroll of fear {unknown}
 l - 2 scrolls of teleportation {unknown}
 s - a scroll of enchant armour {unknown}
 w - a scroll of vulnerability {unknown}
 x - 2 scrolls of enchant weapon {unknown}
Potions
 c - 2 potions of invisibility
 e - 2 potions of curing
 f - a potion of might
 g - 2 potions of magic
 n - 3 potions of flight {unknown}
 o - 2 potions of heal wounds {unknown}
 r - a potion of berserk rage {unknown}
 t - 2 potions of haste {unknown}
 u - 4 potions of mutation {unknown}
 v - a potion of cancellation {unknown}


   Skills:
 - Level 2.4 Dodging
 - Level 2.4 Stealth
 * Level 8.8 Spellcasting
 * Level 8.2 Conjurations
 + Level 3.7 Hexes
 + Level 3.1 Translocations


You had 13 spell levels left.
You knew the following spells:

 Your Spells              Type           Power      Damage    Failure   Level
a - Magic Dart            Conj           100%       1d8       1%          1
b - Searing Ray           Conj           100%       2d8       1%          2
c - Iskenderun's Mystic   Conj/Tloc      41%        2d9       4%          4
d - Fulminant Prism       Conj/Hex       21%        3d13      4%          4

Your spell library contained the following spells:

 Spells                   Type           Power      Damage    Failure   Level
 Shock                    Conj/Air       100%       1d9       1%          1
 Dazzling Flash           Conj/Hex       84%        N/A       1%          3
 Mephitic Cloud           Conj/Pois/Air  25%        N/A       4%          3
 Sting                    Tmut/Pois      44%        1d5       5%          1
 Call Imp                 Summ           11%        N/A       8%          2
 Poisonous Vapours        Pois/Air       22%        N/A       8%          2
 Sublimation of Blood     Necr           11%        N/A       8%          2
 Wereblood                Tmut           11%        N/A       8%          2
 Olgreb's Toxic Radiance  Pois           11%        N/A       45%         4
 Summon Hydra             Summ           5%         N/A       100%        7


Dungeon Overview and Level Annotations

Branches:
Dungeon (6/15)             Temple (1/1) D:5           Sewer (visited)

Altars:
Ashenzari
Cheibriados
Dithmenos
Elyvilon
Gozag
Hepliaklqana
Makhleb
Nemelex Xobeh
Okawaru
Sif Muna
Trog
Uskayaw
Vehumet
Wu Jian
Yredelemnul
Zin
The Shining One


Message History

You finish channelling your searing ray.
Casting: Searing Ray (safe; 1% risk of failure)
Confirm with . or Enter, or press ? or * to list all spells.
Aiming: Searing Ray (safe; 1% risk of failure)
Press: ? - help, Shift-Dir - straight line (Press . to maintain the ray.) Unknown command.
You start resting.
Magic restored.
n - 2 smoky dark potions (gained 1)
x - 2 scrolls labelled ODOWIE QESIBU (gained 1)
n - 3 smoky dark potions (gained 1)
Found a short sword.
You see here a +0 short sword.
A vampire comes into view.
A vampire is nearby!
Casting: Searing Ray (safe; 1% risk of failure)
Confirm with . or Enter, or press ? or * to list all spells.
Aiming: Searing Ray (safe; 1% risk of failure)
Press: ? - help, Shift-Dir - straight line, f - vampire
Aim: a vampire (dormant, 100% to hit)
The searing ray hits the vampire.
The vampire is lightly damaged. (Press . to maintain the ray.)
The vampire gestures wildly while chanting.
The vampire flickers and vanishes!
Deactivating autopickup; reactivate with Ctrl-A.
The searing ray hits something but does no damage.
The searing ray hits something but does no damage.
Something hits you! Something barely misses you.
The searing ray hits something!
You finish channelling your searing ray.
Something hits you! Something bites you!
* * * LOW HITPOINT WARNING * * *
Something draws strength from your injuries!
Okay, then.
You feel better. Something hits you.
* * * LOW HITPOINT WARNING * * *
Something bites you!
You die...

###≈###
#.#≈#.# #
##.#≈#.### #
#. ..#≈#...
.# #.##
.#≈#.###.
#... #≈#. ..
#..###≈###.#
#...@......#
#..###.##.##
#### ##.
#....# #...
#. ####.#
#.## #. #.#
####.## #.
#)# .....≈≈
#. #.#
##..≈≈
#.######.#
#..≈≈
#......#
#..≈≈


There were no monsters in sight!

Vanquished Creatures
  A black bear (D:5)
  A hornet zombie (D:6)
  A sky beast (D:6)
  A centaur (D:5)
  2 phantoms
  A kobold brigand (Sewer)
  Blork the orc (D:5)
  2 scorpions
  A bullfrog zombie (D:3)
  A hound (D:4)
  A jelly (D:4)
  A bullfrog skeleton (D:5)
  Jessica (D:3)
  An iguana (D:5)
  A hound zombie (D:5)
  A hound skeleton (D:5)
  4 gnolls (D:3)
  7 adders
  7 river rats (Sewer)
  A white imp (D:6)
  5 worms
  2 dart slugs (D:1)
  8 orcs
  21 ball pythons
  6 endoplasms
  4 giant cockroaches
  4 goblins
  2 hobgoblins
  4 jackals (D:1)
  4 quokkas
  5 bats
  5 frilled lizards
  25 kobolds
  23 rats
155 creatures vanquished.

Notes
Turn   | Place    | Note
-------+----------+-------------------------------------------
     0 | D:1      | lorenzova the Deep Elf Conjurer began the quest for the
                  | Orb.
     0 | D:1      | Reached XP level 1. HP: 10/10 MP: 6/6
   248 | D:1      | Reached XP level 2. HP: 15/15 MP: 5/8
   339 | D:1      | Learned a level 2 spell: Searing Ray
   704 | D:1      | Reached skill level 5 in Conjurations
   704 | D:1      | Reached XP level 3. HP: 19/19 MP: 6/10
  1216 | D:2      | Found a faded altar of an unknown god.
  1718 | D:2      | Reached XP level 4. HP: 24/24 MP: 8/12
  2133 | D:3      | Reached skill level 5 in Spellcasting
  2234 | D:3      | Reached XP level 5. HP: 23/28 MP: 9/15
  2668 | D:3      | You fall into a shaft and drop 1 floor!
  2753 | D:4      | Noticed a phantom
  3142 | D:3      | Noticed Jessica
  3152 | D:3      | Killed Jessica
  3451 | D:4      | Reached XP level 6. HP: 32/32 MP: 17/17
  3619 | D:4      | Learned a level 4 spell: Iskenderun's Mystic Blast
  3624 | D:4      | Learned a level 4 spell: Fulminant Prism
  3731 | D:4      | Reached skill level 1 in Hexes
  4004 | D:4      | Reached skill level 1 in Translocations
  4142 | D:5      | Entered Level 5 of the Dungeon
  4296 | D:5      | Reached XP level 7. HP: 29/36 MP: 16/19
  4377 | D:5      | Found a staircase to the Ecumenical Temple.
  4387 | Temple   | Entered the Ecumenical Temple
  4699 | Temple   | Became a worshipper of Vehumet
  5225 | D:5      | Noticed Blork the orc
  5245 | D:5      | Killed Blork the orc
  6062 | D:6      | Found a glowing drain.
  6118 | Sewer    | Entered a sewer
  6563 | Sewer    | Reached * piety under Vehumet
  6563 | Sewer    | Offered knowledge of Shock by Vehumet.
  6744 | Sewer    | Reached XP level 8. HP: 30/41 MP: 22/22
  7282 | D:6      | Slain by a vampire

Illustrated notes

Levels and vault maps discovered:
D:1:      sevenhm_arrival_forest_fort_small_3, layout_rooms, hex_intersection,
          chequers_serial_rivers_micro_a, minmay_bisected
D:2:      minmay_chambers_of_ones, layout_basic,
          shapermc_ecumenical_altar_pompeii
D:3:      layout_loops_corners, minmay_quantized, uniq_jessica
D:4:      layout_loops_ring
D:5:      layout_cave_pods, minmay_temple_entry_grid, uniq_blork_the_orc
D:6:      layout_loops_ring, cheibrodos_sewer_entry_sluice, grunt_decor_cap,
          roderic_serpentine_path, chequers_serial_rivers_micro_c
Temple:   mainiacjoe_temple_big_plus

Skill      XL: |  1  2  3  4  5  6  7  8 |
---------------+-------------------------+-----
Spellcasting   | 4 5 6 7 8 |  8.8
Conjurations   | 5 6 7 8 |  8.2
Hexes          | 1 3 |  3.7
Translocations | 1 2 3 |  3.1
Dodging        | |  2.4
Stealth        | |  2.4

Action                   |  1- 3 |  4- 6 |  7- 9 || total
-------------------------+-------+-------+-------++-------
 Cast: Magic Dart        |    76 |    95 |    94 ||   265
       Searing Ray       |     3 |    12 |    21 ||    36
  Use: Scroll            |     3 |     2 |     1 ||     6
       Potion            |       |       |     1 ||     1
Armor: Robe              |     2 |     2 |     1 ||     5
Dodge: Dodged            |    16 |    11 |    23 ||    50

Table legend: (Time is in decaauts)
 A = Elapsed time spent in this place.
 B = Non-inter-level travel time spent in this place.
 C = Inter-level travel time spent in this place.
 D = Time resting spent in this place.
 E = Time spent auto-exploring this place.
 F = Levels seen in this place.
 G = Mean time per level.
                   A        B        C        D        E       F      G
               +--------+--------+--------+--------+--------+-----+--------+
         Total |   7301 |   7093 |    208 |   2839 |   3431 |   8 |  912.6 |
       Dungeon |   6020 |   5908 |    112 |   2401 |   2877 |   6 | 1003.3 |
        Temple |    350 |    254 |     96 |      0 |    251 |   1 |  350.0 |
         Sewer |    929 |    929 |      0 |    438 |    303 |   1 |  929.0 |
               +--------+--------+--------+--------+--------+-----+--------+

Top non-repeatable levels by time:
     D:5: 1410 daAuts
     D:3: 1303 daAuts
     D:1: 1136 daAuts
     D:4: 1006 daAuts
   Sewer: 929 daAuts
     D:2: 854 daAuts
  Temple: 350 daAuts
     D:6: 308 daAuts
